AoeStats
← mylove__

African Clearing

506434439Analyzed
4v4 RM · 18d ago on Sep 13, 2026· 44m 34s· 8 players
Game mode
Random Map
Map size
Large (8 player)
Population
200
Speed
Normal
Resources
Standard
Victory
Conquest
Starting age
Dark Age
Ending age
Imperial Age
RankedLock teamsTeams togetherTeam positionsShared explorationLock speedFull tech treeHidden civsTurbo modeCheats
Victory
Defeat
1699
+9
🇨🇳 Mongols · China
1683
+9
🇨🇳 Gurjaras · China
1627
+11
🇨🇳 Magyars · China
1627
+11
🇹🇼 Berbers · Taiwan
1571
-11
🇨🇳 Burgundians · China
1551
-11
1517
-10
🇹🇷 Mongols · Türkiye
1471
-8
超级硬邦邦
4:37 Loom
9:45 Double-Bit Axe
14:54 Feudal Age
16:40 Fletching
好奇小牛
4:34 Loom
14:57 Feudal Age
19:28 Castle Age
17:53 Double-Bit Axe
18:15 Stone Mining
19:49 Gold Mining
19:58 Fletching
23:47 Wheelbarrow
24:43 Horse Collar
25:19 Bow Saw
28:35 Bodkin Arrow
29:51 Bloodlines
31:04 Ballistics
31:40 Husbandry
35:00 Thumb Ring
35:13 Padded Archer Armor
35:52 Hand Cart
36:48 Town Watch
40:16 Imperial Age
39:30 Gold Shaft Mining
38:58 Kasbah
39:40 Leather Archer Armor
40:46 Scale Barding Armor
40:52 Forging
41:10 Bracer
40:39 Elite Camel Archer
41:41 Conscription
42:49 Chemistry
42:01 Maghrebi Camels
42:55 Ring Archer Armor
44:05 Heavy Camel Rider
45:08 Chain Barding Armor
44:59 Forging
mylove__
10:34 Loom
12:40 Feudal Age
13:55 Double-Bit Axe
22:20 Castle Age
20:56 Scale Mail Armor
22:17 Forging
22:24 Pikeman
Yucatan_water_supremacy
3:43 Loom
13:03 Feudal Age
16:31 Scale Barding Armor
19:47 Bloodlines
19:54 Town Watch
27:50 Castle Age
29:03 Chain Barding Armor
28:34 Light Cavalry
31:48 Double-Bit Axe
苍天悠悠,何薄于我
10:36 Loom
13:19 Feudal Age
16:58 Castle Age
15:11 Double-Bit Axe
16:11 Fletching
18:01 Bodkin Arrow
28:33 Padded Archer Armor
31:43 Leather Archer Armor
32:36 Wheelbarrow
31:46 Town Watch
32:26 Ballistics
32:00 Horse Collar
32:52 Bow Saw
36:17 Gold Mining
36:20 Stone Mining
39:37 Imperial Age
40:07 Thumb Ring
40:19 Bracer
41:19 Chemistry
40:45 Conscription
41:10 Elite Plumed Archer
41:41 Capped Ram
43:09 Ring Archer Armor
43:58 Siege Ram
阿贤倒地了
11:42 Feudal Age
11:39 Loom
12:41 Double-Bit Axe
15:02 Scale Barding Armor
18:24 Wheelbarrow
18:09 Horse Collar
23:14 Castle Age
23:40 Bloodlines
24:14 Bow Saw
24:16 Heavy Plow
23:37 Light Cavalry
24:39 Chain Barding Armor
28:43 Husbandry
30:29 Gold Mining
31:44 Hand Cart
33:22 Gold Shaft Mining
38:26 Imperial Age
38:28 Cavalier
39:44 Plate Barding Armor
39:30 Conscription
40:19 Two-Man Saw
39:53 Crop Rotation
40:01 Paladin
42:57 Coinage
42:15 Town Watch
43:11 Town Patrol
兰博基尼
11:34 Feudal Age
12:15 Double-Bit Axe
14:38 Forging
14:22 Loom
16:07 Scale Barding Armor
22:51 Town Watch
28:56 Horse Collar
33:51 Castle Age
32:37 Bloodlines
32:45 Gold Mining
32:45 Stone Mining
34:15 Light Cavalry
34:56 Husbandry
37:28 Bow Saw
39:44 Wheelbarrow
39:49 Heavy Plow
42:26 Fletching
44:35 Hand Cart
愈演愈裂
5:41 Loom
13:10 Feudal Age
17:06 Castle Age
16:48 Double-Bit Axe
27:15 Scale Barding Armor
28:20 Town Watch
29:10 Wheelbarrow
28:20 Town Watch
29:33 Gold Mining
30:50 Bloodlines
30:40 Husbandry
33:11 Chain Barding Armor
35:43 Gold Shaft Mining
38:22 Imperial Age
37:24 Forging
39:24 Kshatriyas
39:40 Conscription
41:01 Elite Shrivamsha Rider
44:07 Horse Collar
Connection lost

Rejoining the realm…

Still unreachable

The connection could not be restored.

Session expired

The server has moved on; the page needs a fresh start.